AoeStats
← guandonzu

Migration

508059777Analyzed
1v1 RM · 12d ago on Sep 20, 2026· 43m 12s· 2 players
Game mode
Random Map
Map size
132×132
Population
200
Speed
Normal
Resources
Standard
Victory
Conquest
Starting age
Dark Age
Ending age
Imperial Age
RankedLock teamsTeams togetherTeam positionsShared explorationLock speedFull tech treeHidden civsTurbo modeCheats
Victory
Defeat
🇫🇷 Dravidians · France
512
+14
🇹🇼 Gurjaras · Taiwan
472
-14
guandonzu
10:21 Feudal Age
10:57 Double-Bit Axe
21:21 Castle Age
19:35 Horse Collar
23:04 Bow Saw
22:57 Heavy Plow
24:43 Wheelbarrow
23:54 Loom
28:41 Husbandry
30:36 Kshatriyas
30:57 Bloodlines
30:07 Light Cavalry
37:49 Imperial Age
35:39 Light Cavalry
36:56 Ballistics
37:22 Forging
37:17 Scale Barding Armor
38:50 Hand Cart
39:00 Hussar
41:20 Chemistry
43:39 Iron Casting
43:24 Chain Barding Armor
Naranja
11:45 Feudal Age
12:18 Double-Bit Axe
12:15 Horse Collar
14:34 Fishing Lines
22:11 Castle Age
22:06 Wheelbarrow
21:25 Fletching
23:30 Bow Saw
23:16 Gold Mining
23:30 Heavy Plow
23:35 Gillnets
24:06 Medium Warships
24:17 Pikeman
24:58 Squires
26:51 Light Cavalry
31:15 Imperial Age
32:25 Halberdier
32:51 Gambesons
32:34 Onager
34:56 Siege Onager
35:07 Elite Skirmisher
37:05 Chemistry
36:43 Thumb Ring
Connection lost

Rejoining the realm…

Still unreachable

The connection could not be restored.

Session expired

The server has moved on; the page needs a fresh start.